[Event "*** Titled Tuesday Blitz"]
[Site "Chess.com"]
[Date "2020.04.28"]
[Round "3"]
[White "plumalka"]
[Black "IMinTheWings"]
[Result "1-0"]
[WhiteElo "2434"]
[BlackElo "2214"]
[TimeControl "180+1"]
[EndTime "10:29:24 PDT"]
[Termination "plumalka won by resignation"]

1. e4 g6 2. d4 Bg7 3. Nc3 c6 4. f4 d5 5. Nf3 dxe4 6. Nxe4 Nh6 7.
Be2 O-O 8. O-O Bg4 9. c3 Nd7 10. Kh1 Qb6 11. b3 c5 12. dxc5 Nxc5 13. Be3 Nxe4 14.
Bxb6 Nxc3 15. Qe1 axb6 16. Rc1 Nxa2 17. Rc7 Nf5 18. h3 Bxf3 19. Bxf3 Nb4 20. Qxb4 Ng3+ 21. Kg1 Nxf1 22. Kxf1 Rfd8 23. Qxe7 Rf8 24. Qh4 Ra1+ 25.
Kf2 Bd4+ 26. Kg3 Rf1 27. Rc2 Kg7 28. Qe7 h5 29. h4 Rh1 30. Qxb7 Bf6 31. Kf2 Bxh4+ 32.
g3 Rh2+ 33. Bg2 Bf6 34. Kg1 Rxg2+ 35. Kxg2 Re8 36. Qxb6 Re4 37. Qc6 Rb4 38. Qd5 Rd4 39. Qc5 Rd3 40. Qc4 Re3 41. b4 Re7 42. b5 h4 43. gxh4 Bxh4 44. b6 Rb7 45. Qc6 Rb8 46. b7 Bf6 47. Qc8 Rxc8 48. bxc8=Q Bd8 49.
Rc6 1-0

[Event "*** Titled Tuesday Blitz"]
[Site "Chess.com"]
[Date "2020.04.28"]
[Round "3"]
[White "Mashenka97"]
[Black "AlanZhang"]
[Result "1-0"]
[WhiteElo "2359"]
[BlackElo "2156"]
[TimeControl "180+1"]
[EndTime "10:29:24 PDT"]
[Termination "Mashenka97 won on time"]

1. e4 e5 2. Nf3 Nc6 3. Bc4 Bc5 4. b4 Bxb4 5. c3 Ba5 6. d4 exd4 7. O-O d6 8. Qb3 Qe7 9. cxd4 Bb6 10. Bg5 Qf8 11. Bb5 Bd7 12. d5 Nb8 13. e5 dxe5 14. Nxe5 f6 15.
Nxd7 Nxd7 16. Re1+ Ne7 17. d6 cxd6 18. Bxd7+ Kxd7 19.
Qe6+ Ke8 20. Bf4 Qf7 21. Qxd6 Rd8 22. Qa3 Rd7 23. Bd6 Kd8 24. Nc3 Re8 25. Rad1 Nc6 26. Bf4 Rxd1 27. Rxd1+ Kc8 28. Nb5 Qc4 29. Nd6+ 1-0

[Event "*** Titled Tuesday Blitz"]
[Site "Chess.com"]
[Date "2020.04.28"]
[Round "3"]
[White "northridgehawk"]
[Black "BillCoe"]
[Result "1-0"]
[WhiteElo "2304"]
[BlackElo "2060"]
[TimeControl "180+1"]
[EndTime "10:29:25 PDT"]
[Termination "northridgehawk won on time"]

1. e4 c5 2. Nf3 e6 3. d4 cxd4 4. Nxd4 a6 5. c4 Qc7 6. Nc3 Nf6 7. Be2 d6 8. O-O Nc6 9. Nc2 Be7 10. Be3 O-O 11.
f3 Bd7 12. Qd2 Ne5 13. b3 Rac8 14. Rac1 Rfd8 15. Nd4 b6 16. Kh1 Qb7 17. Bg1 Nc6 18. Nc2 Ne5 19. f4 Ng6 20. Qe3 b5 21. cxb5 axb5 22.
Bf3 Nh4 23. Nd4 Nxf3 24. gxf3 b4 25. Nce2 Rxc1 26. Rxc1 Rc8 27. Rxc8+ Qxc8 28. Qd2 Qb7 29. Kg2 d5 30. e5 Nh5 31. Be3 g6 32. Qc2 Ng7 33.
Bd2 Nf5 34. Nxf5 gxf5 35. Be3 Kf8 36. Nd4 Bb5 37. Qf2 Qa6 38. Qc2 Bd3 39. Qd2 Ke8 40. Nc2 Bf1+ 41. Kf2 Bb5 42. Nxb4 Bxb4 43. Qxb4 Qxa2+ 44. Kg3 Bf1 45. Bf2 Qe2 46. Qb8+ Kd7 47. Qb7+ Ke8 48.
Qc8+ 1-0

[Event "*** Titled Tuesday Blitz"]
[Site "Chess.com"]
[Date "2020.04.28"]
[Round "3"]
[White "Muracle"]
[Black "LiemLe"]
[Result "0-1"]
[WhiteElo "2667"]
[BlackElo "2999"]
[TimeControl "180+1"]
[EndTime "10:29:27 PDT"]
[Termination "LiemLe won by resignation"]

1. Nf3 c5 2. g3 Nc6 3. d4 cxd4 4. Nxd4 g6 5. Bg2 Bg7 6. Nb3 d6 7. c4 h5 8. h3 Be6 9. c5 d5 10. Nc3 d4 11. Ne4 Nf6 12. Nxf6+ Bxf6 13. O-O Qd7 14. Kh2 Rd8 15. e3 h4 16. g4 Qc7+ 17. Kg1 dxe3 18. Qe2 Nd4 19. Nxd4 exf2+ 20. Qxf2 Bxd4 21. Be3 Qxc5 22. Bxd4 Qxd4 23. Bxb7 O-O 24. b3 a5 25. Bg2 Kg7 26.
Rac1 Qxf2+ 27. Rxf2 Rc8 28. Rfc2 Rxc2 29. Rxc2 Rc8 30. Re2 Kf6 31. Kf2 Rc3 32. Rd2 Ke5 33. Re2+ Kd6 34. Rd2+ Kc5 35. Re2 a4 36. bxa4 Ra3 37.
Re5+ Kd4 38. Re4+ Kc5 39. g5 Rxa2+ 40. Kf1 Bd5 41. Re5 Rxg2 42. Rxd5+ Kxd5 43. Kxg2 f5 0-1

[Event "*** Titled Tuesday Blitz"]
[Site "Chess.com"]
[Date "2020.04.28"]
[Round "3"]
[White "fastestmindalive"]
[Black "doons21"]
[Result "1-0"]
[WhiteElo "2831"]
[BlackElo "2619"]
[TimeControl "180+1"]
[EndTime "10:29:27 PDT"]
[Termination "fastestmindalive won on time"]

1. e4 e6 2. Nf3 d5 3. e5 b6 4. d4 c5 5. c3 Qd7 6. Bd3 Ba6 7. O-O Bxd3 8. Qxd3 Nc6 9. a3 c4 10. Qc2 Na5 11.
Nbd2 h6 12. Re1 g5 13. Nf1 Nb3 14. Rb1 Ne7 15. Ng3 O-O-O 16. Nd2 Qa4 17. Nxb3 cxb3 18. Qe2 Nc6 19. Nh5 Be7 20. Qf3 Rdf8 21. Nf6 Bxf6 22. Qxf6 Na5 23. f4 gxf4 24. Bxf4 Qd7 25. Rf1 Rfg8 26.
Bg3 Rh7 27. Qf3 h5 28. Qd3 Rhg7 29. Rf2 Nc4 30. Rbf1 Kb7 31. Bf4 Rg6 32. Bc1 R8g7 33.
Qh3 Ka6 34. Qxh5 Qb5 35. g3 Na5 36. Qe2 Nc4 37. Rxf7 Rxf7 38. Rxf7 Qe8 39. Rf6 Rg8 40. Kg2 Qb5 41. h4 Ka5 42. Rf7 a6 43. h5 Ka4 44. h6 Rh8 45. h7 Qe8 46. Qh5 1-0

[Event "*** Titled Tuesday Blitz"]
[Site "Chess.com"]
[Date "2020.04.28"]
[Round "3"]
[White "Supernotar"]
[Black "TheNomNomFactor"]
[Result "1-0"]
[WhiteElo "2600"]
[BlackElo "2396"]
[TimeControl "180+1"]
[EndTime "10:29:27 PDT"]
[Termination "Supernotar won on time"]

1. d4 g6 2. c4 Bg7 3. Nf3 e6 4. Nc3 Ne7 5. g3 O-O 6. Bg2 d5 7. cxd5 exd5 8. O-O Nbc6 9. b3 Nf5 10. e3 Nce7 11.
Bb2 Nd6 12. Rc1 c6 13. Ne5 f6 14. Nd3 Bf5 15. Qe2 g5 16. Rfd1 Qe8 17. Ba3 Rd8 18.
e4 dxe4 19. Nxe4 Nb5 20. Bb2 Nxd4 21. Qe3 Bxe4 22. Bxe4 Nef5 23. Qe1 Qh5 24. Kg2 Rfe8 25. h3 Qf7 26. Nc5 Nd6 27. Bxd4 f5 28. Bxg7 Qxg7 29. Ne6 Rxe6 30. Bd5 cxd5 31. Qxe6+ Nf7 32. Rc7 Rf8 33. Rxd5 f4 34. Rdd7 h6 35. g4 Qh7 36. Kh2 f3 37.
Qf6 Qc2 38. Kg3 1-0

[Event "*** Titled Tuesday Blitz"]
[Site "Chess.com"]
[Date "2020.04.28"]
[Round "3"]
[White "tgpgoat"]
[Black "pichonazo"]
[Result "0-1"]
[WhiteElo "2193"]
[BlackElo "2416"]
[TimeControl "180+1"]
[EndTime "10:29:27 PDT"]
[Termination "pichonazo won on time"]

1. e4 Nc6 2. Nf3 d6 3. d4 Nf6 4. Nc3 Bg4 5. Be2 e6 6. O-O Be7 7. Be3 d5 8. exd5 exd5 9. Ne5 Bxe2 10. Qxe2 O-O 11. Nxc6 bxc6 12. Rad1 Bd6 13. b3 Re8 14. Qf3 Qd7 15. h3 Ne4 16. Nxe4 Rxe4 17. Rfe1 Rae8 18.
c3 Qe6 19. Kf1 f5 20. Bd2 Qg6 21. Re3 f4 22. Rxe4 dxe4 23. Qe2 Qf5 24. Kg1 f3 25.
Qf1 Re6 26. g3 h5 27. Be3 a6 28. c4 g5 29. c5 Be7 30. Kh2 a5 31. Qa6 g4 32.
Qc8+ Kg7 33. Qxc7 gxh3 34. Qxa5 h4 35. Rg1 Rg6 36. Qc7 Kf7 37. a4 Qd5 38. a5 Qxb3 39. a6 Qa2 40. a7 hxg3+ 41. Rxg3 Rxg3 42. Kxg3 Qa1 43. Qf4+ Bf6 44. Qc7+ Kg6 45. Kh2 Kf5 46. Qf4+ Kg6 47. Qg3+ Kf7 48. Qc7+ Kg6 49. Qb8 Bxd4 50. Qg8+ Kf5 51. a8=Q Be5+ 52. Qg3 Bxg3+ 0-1

[Event "*** Titled Tuesday Blitz"]
[Site "Chess.com"]
[Date "2020.04.28"]
[Round "3"]
[White "GM_DarwinLaylo"]
[Black "FairChess_on_YouTube"]
[Result "0-1"]
[WhiteElo "2582"]
[BlackElo "3047"]
[TimeControl "180+1"]
[EndTime "10:29:28 PDT"]
[Termination "FairChess_on_YouTube won on time"]

1. c4 e5 2. Nc3 d6 3. g3 Nc6 4.
Bg2 Nge7 5. d3 g6 6. e4 Bg7 7.
Nge2 h5 8. h3 Be6 9. Be3 Nd4 10.
f4 Qd7 11. Qd2 Nec6 12. O-O-O O-O-O 13. Kb1 Rhe8 14. Nd5 Nxe2 15. Qxe2 Nd4 16. Qd2 c6 17. Nc3 f5 18. b3 Kb8 19. h4 Qc7 20. Ne2 Nxe2 21.
Qxe2 fxe4 22. dxe4 exf4 23. gxf4 Bg4 24. Qd2 Bxd1 25. Rxd1 Qe7 26. a4 a6 27. Ka2 Qxh4 28. Bh1 Qf6 29. Qg2 Qc3 30. Qd2 Qxd2+ 31. Rxd2 Bh6 32.
Bf3 Rf8 33. Rg2 Bxf4 34. Bb6 Rd7 35. Rxg6 Rh7 36. Bg2 Be5 37. Bh3 c5 38. b4 cxb4 39. Bf5 Rg7 0-1

[Event "*** Titled Tuesday Blitz"]
[Site "Chess.com"]
[Date "2020.04.28"]
[Round "3"]
[White "tonyq11"]
[Black "DaggiGretarsson"]
[Result "0-1"]
[WhiteElo "2226"]
[BlackElo "2445"]
[TimeControl "180+1"]
[EndTime "10:29:28 PDT"]
[Termination "DaggiGretarsson won by resignation"]

1. d4 g6 2. c4 Bg7 3. Nc3 c5 4.
d5 Bxc3+ 5. bxc3 f5 6. g3 Nf6 7.
Bg2 Qa5 8. Qc2 d6 9. Bg5 Nbd7 10.
Nf3 Ne4 11. Bd2 Nb6 12. Qd3 Qa4 13. h4 Qxc4 14. Qxc4 Nxc4 15. h5 Rg8 16. hxg6 hxg6 17. Rc1 b5 18. Bg5 a6 19. Rh7 Ra7 20. Bf1 Rc7 21.
e3 Ne5 22. Rxe7+ Rxe7 23. Bxe7 Kxe7 24. Nxe5 dxe5 25. c4 b4 26. a3 a5 27. axb4 axb4 28.
Ra1 Bd7 29. g4 Rb8 30. gxf5 gxf5 31. f3 Nc3 32. Kd2 Na4 33. Bh3 b3 34. e4 b2 35. Rb1 fxe4 36. Bxd7 Kxd7 37. fxe4 Rb3 38. Kc2 Rc3+ 39. Kd2 Rxc4 40. Rh1 Rxe4 41. Rh7+ Kd6 42. Rh6+ Kxd5 43. Rg6 Rc4 44. Ra6 b1=Q 0-1

[Event "*** Titled Tuesday Blitz"]
[Site "Chess.com"]
[Date "2020.04.28"]
[Round "3"]
[White "RianKapriaga"]
[Black "XiaoKangZhong"]
[Result "1-0"]
[WhiteElo "2194"]
[BlackElo "2356"]
[TimeControl "180+1"]
[EndTime "10:29:28 PDT"]
[Termination "RianKapriaga won by resignation"]

1. d4 Nf6 2. Nf3 g6 3. c4 Bg7 4.
Nc3 d5 5. cxd5 Nxd5 6. Bd2 O-O 7.
e3 c5 8. Bc4 Nb6 9. Be2 cxd4 10. exd4 Nc6 11. Be3 Nd5 12. Nxd5 Qxd5 13. O-O Rd8 14. Rc1 Qxa2 15. Bc4 Qxb2 16. Ng5 e6 17. Qf3 Rf8 18. Rb1 Nxd4 19. Qh3 h6 20. Rxb2 hxg5 21.
Bxd4 Bxd4 22. Rd2 Bg7 23. Qg3 Bh6 24. Rfd1 b5 25. Bb3 a5 26. Rd8 Bb7 27. Rxf8+ Rxf8 28. Qc7 a4 29. Qxb7 axb3 30. Qxb5 Bg7 31. Qxb3 Bf6 32. g3 Kg7 33. Rd7 Re8 34. Kg2 Be5 35. h3 Bf6 36.
Qb7 Rf8 37. Qc7 Kg8 38. Qd6 Re8 39. Rc7 Kg7 40. Qd7 Re7 41. Qc6 Re8 42. Rc8 Re7 43.
Ra8 Be5 44. Qc8 Kf6 45. g4 1-0

[Event "*** Titled Tuesday Blitz"]
[Site "Chess.com"]
[Date "2020.04.28"]
[Round "3"]
[White "GM_dmitrij"]
[Black "axvesik"]
[Result "1-0"]
[WhiteElo "2985"]
[BlackElo "2466"]
[TimeControl "180+1"]
[EndTime "10:29:29 PDT"]
[Termination "GM_dmitrij won by checkmate"]

1. e4 e6 2. d4 d5 3. Nd2 c5 4. exd5 Qxd5 5. Ngf3 cxd4 6. Bc4 Qd7 7. O-O Nc6 8. Nb3 a6 9. Nbxd4 Nxd4 10. Nxd4 Qc7 11. Qe2 Bd6 12. h3 Ne7 13. c3 O-O 14. Rd1 b5 15.
Bd3 Bb7 16. h4 e5 17. Nb3 f5 18. Bg5 h6 19. Bd2 Rae8 20. a4 e4 21. Bc2 f4 22.
Nd4 f3 23. gxf3 Ng6 24. fxe4 Nxh4 25. Qg4 Qe7 26. Be3 Qf6 27. Kf1 Bc5 28. axb5 axb5 29. Ke2 Bc8 30. Qg3 Bd6 31. Qg1 Be5 32. Bb3+ Kh8 33. Kd3 Nf3 34. Nxf3 Qxf3 35. Kc2 Qxe4+ 36. Kc1 Bf4 37. Bc2 Bxe3+ 38. fxe3 Qxe3+ 39. Qxe3 Rxe3 40. Ra8 Re2 41. Rd2 Rxd2 42. Kxd2 Bd7 43. Rxf8# 1-0

[Event "*** Titled Tuesday Blitz"]
[Site "Chess.com"]
[Date "2020.04.28"]
[Round "3"]
[White "Corpescador"]
[Black "Artem_Sadovsky"]
[Result "0-1"]
[WhiteElo "2356"]
[BlackElo "2560"]
[TimeControl "180+1"]
[EndTime "10:29:29 PDT"]
[Termination "Artem_Sadovsky won on time"]

1. e4 g6 2. d4 Bg7 3. Nc3 c6 4. Nf3 d5 5. h3 dxe4 6. Nxe4 Nf6 7. Nxf6+ exf6 8. c3 O-O 9. Be2 Re8 10. O-O Nd7 11. Bf4 Nb6 12. Qd2 Nd5 13. Bg3 a5 14. a4 Be6 15.
Rfe1 Nb6 16. Qc2 Qd5 17. Nd2 Bf5 18. Qb3 Qxb3 19. Nxb3 Bf8 20. Nc5 Bxc5 21. dxc5 Nd7 22. Bd6 Bc2 23. Kf1 Re6 24. Bc4 Ree8 25. f4 b6 26.
Rxe8+ Rxe8 27. Rc1 Bxa4 28. b3 Bb5 29. Bxb5 cxb5 30. c6 Nc5 31. c7 Nb7 32. Rd1 Rc8 33. f5 Nxd6 34. Rxd6 Rxc7 35. Rxb6 Rc5 36. fxg6 hxg6 37.
Ke2 Kg7 0-1

[Event "*** Titled Tuesday Blitz"]
[Site "Chess.com"]
[Date "2020.04.28"]
[Round "3"]
[White "TheMightyBishops"]
[Black "Ave_Mariia"]
[Result "0-1"]
[WhiteElo "1997"]
[BlackElo "2288"]
[TimeControl "180+1"]
[EndTime "10:29:29 PDT"]
[Termination "Ave_Mariia won by checkmate"]

1. e4 c5 2. a3 e5 3. Nc3 Nc6 4. g3 g6 5. Bg2 Bg7 6. d3 Nge7 7. Be3 d6 8. Qd2 Nd4 9. f3 f5 10. Bg5 h6 11. Be3 Be6 12. Rb1 a5 13. f4 fxe4 14.
dxe4 Nec6 15. Nd5 Bxd5 16. exd5 Ne7 17. b3 Nef5 18. Bf2 O-O 19. c3 Nb5 20. a4 Nc7 21. Ne2 exf4 22. Nxf4 Re8+ 23. Kf1 Qf6 24. Rc1 b5 25.
Kg1 c4 26. axb5 Nxb5 27. Ne6 Nxc3 28. Nxg7 Ne2+ 29. Kf1 Kxg7 30. Bf3 Nxc1 31. Kg2 Nd3 32.
bxc4 Nxf2 33. Qxf2 Ne3+ 34. Kh3 Qf5+ 35. Kh4 g5+ 36. Kh5 Qg6# 0-1

[Event "*** Titled Tuesday Blitz"]
[Site "Chess.com"]
[Date "2020.04.28"]
[Round "3"]
[White "Hadza_3"]
[Black "LiamPutnam2008"]
[Result "1-0"]
[WhiteElo "2383"]
[BlackElo "2555"]
[TimeControl "180+1"]
[EndTime "10:29:30 PDT"]
[Termination "Hadza_3 won by resignation"]

1. e4 c5 2. Nc3 Nc6 3. Bb5 Nd4 4. Bc4 e6 5. Nge2 Ne7 6. Nxd4 cxd4 7. Ne2 Nc6 8. d3 Be7 9. O-O O-O 10. Bb3 b6 11. f4 Bb7 12. f5 Bg5 13. Nf4 Ne5 14. Qh5 g6 15. Qh3 Qe7 16. Bd2 Rac8 17. Rae1 a5 18.
Re2 Bc6 19. a4 Rfe8 20. Ref2 Rf8 21. Nh5 Bxd2 22. Rxd2 exf5 23. exf5 gxh5 24. f6 Qc5 25. Rf5 Kh8 26. Rxh5 Nf3+ 27. gxf3 Rg8+ 28. Kf2 Qxh5 29. Qxh5 Rg6 30. Rd1 Rxf6 31. Rg1 Re8 32. Bd5 Bxd5 33.
Qxd5 d6 34. Rg4 Rfe6 35. Re4 Re5 36. Qxd4 f6 37. Rxe5 dxe5 38. Qxb6 Kg7 39. Qc7+ Kf8 40.
Qxa5 Re7 41. Qb4 f5 42. a5 Kf7 43. a6 Re6 44. Qb7+ 1-0

[Event "*** Titled Tuesday Blitz"]
[Site "Chess.com"]
[Date "2020.04.28"]
[Round "3"]
[White "Justinz"]
[Black "Cukiero"]
[Result "1-0"]
[WhiteElo "2239"]
[BlackElo "2490"]
[TimeControl "180+1"]
[EndTime "10:29:30 PDT"]
[Termination "Justinz won by resignation"]

1. e4 c5 2. Nf3 d6 3. d4 cxd4 4. Nxd4 Nf6 5. Nc3 a6 6. Rg1 e5 7. Nb3 Be7 8. g4 Be6 9. g5 Nfd7 10. Be3 b5 11. Nd5 Nc6 12. h4 Bxd5 13. Qxd5 Rc8 14. Qd2 Nb6 15. Bxb6 Qxb6 16. c3 b4 17. c4 a5 18. Rd1 a4 19. c5 Qb8 20. cxd6 Bxd6 21. Qxd6 Qxd6 22. Rxd6 Ke7 23. Rd5 axb3 24. axb3 Rhd8 25.
Bc4 Rxd5 26. exd5 Na5 27. Rg4 Kd6 28. Kd2 f5 29. gxf6 gxf6 30. Kd3 f5 31. Rg5 Rf8 32. f3 e4+ 33. fxe4 fxe4+ 34. Kxe4 Nb7 35. Rh5 Nc5+ 36. Ke3 Rf7 37. Rh6+ Ke5 38. Rh5+ Kd6 39. Rh6+ Ke5 40. d6 Rd7 41. Rh5+ Kxd6 42. Rd5+ Kc6 43. Rxd7 Kxd7 44.
Kd4 Kd6 45. h5 h6 46. Bf7 Nd7 47. Bg6 Ne5 48. Be4 Ng4 49. Kc4 Ke5 50. Bg6 Ne3+ 51.
Kxb4 Nd1 52. Ka3 Kd4 53. b4 Kc4 54. Bf7+ Kb5 55. Be8+ Kc4 56. b3+ Kd5 57. b5 Kd6 58.
Kb4 Kc7 59. Bc6 Kb6 60. Kc4 Ne3+ 61. Kd4 Ng2 62. Ke5 Nh4 63. Kf6 Kc5 64. Kg7 Nf5+ 65. Kg6 Ng3 66. Kxh6 Kb6 67. Kg6 Nxh5 68. Kxh5 Kc5 69.
Kg5 Kb6 70. Kf5 Kc5 71. Ke5 Kb6 72. Kd6 Ka7 73. Kc5 Kb8 74. b6 Kc8 75. Kb5 Kb8 76. Ka6 Kc8 77. Ka7 Kd8 1-0

[Event "*** Titled Tuesday Blitz"]
[Site "Chess.com"]
[Date "2020.04.28"]
[Round "3"]
[White "Riptide27"]
[Black "Bastiandash"]
[Result "1-0"]
[WhiteElo "2474"]
[BlackElo "2008"]
[TimeControl "180+1"]
[EndTime "10:29:30 PDT"]
[Termination "Riptide27 won on time"]

1. d4 Nf6 2. c4 e6 3. Nc3 Bb4 4. e3 O-O 5. Bd2 b6 6. Nf3 Bb7 7. Bd3 d6 8. O-O Bxc3 9. Bxc3 Ne4 10. Be1 f5 11. Nd2 Qg5 12. f4 Qg6 13. Nxe4 fxe4 14. Be2 Nd7 15. g4 Rad8 16. Bg3 h6 17. h4 c5 18. h5 Qf7 19. dxc5 Nxc5 20. b4 Nd3 21.
Bxd3 exd3 22. Qxd3 d5 23. c5 bxc5 24. bxc5 Qc7 25.
Qd4 Rc8 26. Rfc1 Ba6 27. Kh2 Qc6 28. Be1 Bc4 29. Rc2 Qxc5 30. Qxc5 Rxc5 31. Bb4 Rfc8 32.
Bxc5 Rxc5 33. Rb1 Rc7 34. Kg3 Kf7 35. Rb8 a6 36. a4 Rc5 37. e4 Ra5 38. exd5 exd5 39.
Rb4 Rc5 40. Kf3 Ke6 41. Ke3 Rc6 42. Kd4 Kd6 43. Rc3 Rc7 44. a5 Re7 45. Rb6+ Kc7 46.
Re3 Rf7 47. f5 1-0

[Event "*** Titled Tuesday Blitz"]
[Site "Chess.com"]
[Date "2020.04.28"]
[Round "3"]
[White "AnnaChessLook"]
[Black "CarlosRBorn"]
[Result "0-1"]
[WhiteElo "2256"]
[BlackElo "2677"]
[TimeControl "180+1"]
[EndTime "10:29:30 PDT"]
[Termination "CarlosRBorn won by checkmate"]

1. d4 Nf6 2. c4 e6 3. Nf3 b6 4. g3 Bb7 5. Bg2 Be7 6. O-O O-O 7. Re1 c5 8. d5 exd5 9. Nh4 g6 10. cxd5 d6 11.
Nc3 a6 12. a4 Nbd7 13. e4 Re8 14. f4 Bf8 15. Be3 Rb8 16. Qc2 Ng4 17. Bd2 Bg7 18.
h3 Ngf6 19. Nf3 Qc7 20. Kh2 Re7 21. Re2 Rbe8 22. Rae1 Qb8 23. Qd3 Qa8 24. g4 b5 25.
axb5 axb5 26. g5 Nh5 27. h4 b4 28. Nb1 Ba6 29. Qc2 Bxe2 30. Rxe2 f5 31. Ne1 fxe4 32.
Rxe4 Rxe4 33. Bxe4 Nf8 34. Ng2 Qc8 35. Bf3 Qd7 36. Bxh5 gxh5 37. f5 Be5+ 38. Kh1 Qb5 39. Qd1 Qd3 40. f6 Ng6 41. Qe1 Kf7 42. Qd1 Bd4 43.
Kh2 Re2 44. Qf1 Be5+ 45. Kh1 Qh3+ 46. Kg1 Qh2# 0-1

[Event "*** Titled Tuesday Blitz"]
[Site "Chess.com"]
[Date "2020.04.28"]
[Round "3"]
[White "mshuaau0"]
[Black "Romn69"]
[Result "1-0"]
[WhiteElo "2116"]
[BlackElo "2298"]
[TimeControl "180+1"]
[EndTime "10:29:30 PDT"]
[Termination "mshuaau0 won on time"]

1. e4 c5 2. Nf3 e6 3. c3 d5 4.
exd5 exd5 5. d4 Nc6 6. Bb5 Bd6 7.
O-O Ne7 8. Bg5 O-O 9. Bxc6 bxc6 10. Nbd2 f6 11. Be3 Nf5 12. Re1 Rb8 13. Qc2 Nxe3 14.
fxe3 Re8 15. e4 Bg4 16. exd5 cxd5 17. Rxe8+ Qxe8 18. Re1 Qh5 19. h3 Bf5 20. Qc1 c4 21. b3 cxb3 22. axb3 Bf4 23. Qa3 Re8 24. Re7 Be3+ 25.
Kf1 Bd3+ 26. Ke1 h6 27. Qxa7 Qg6 28. Qd7 Qg3+ 29. Kd1 Rxe7 30. Qxe7 Qf2 31. Qd8+ Kh7 32. Qxd5 Qe2+ 33. Kc1 Bxd2+ 34. Nxd2 Qe1+ 35. Kb2 Qxd2+ 36. Ka3 Qxc3 37. Qf3 Qc1+ 38. Kb4 Qd2+ 39. Ka3 Bc2 40. g4 1-0

[Event "*** Titled Tuesday Blitz"]
[Site "Chess.com"]
[Date "2020.04.28"]
[Round "3"]
[White "Duhless"]
[Black "vanea_03"]
[Result "1-0"]
[WhiteElo "3106"]
[BlackElo "2681"]
[TimeControl "180+1"]
[EndTime "10:29:31 PDT"]
[Termination "Duhless won by resignation"]

1. c4 e5 2. Nc3 Nf6 3. Nf3 Nc6 4. g3 Bc5 5. Nxe5 Bxf2+ 6. Kxf2 Nxe5 7. e4 c5 8. d4 cxd4 9. Qxd4 O-O 10. Be2 d6 11.
Bf4 Bg4 12. Bxe5 dxe5 13. Qxd8 Rfxd8 14. Rad1 Bxe2 15. Kxe2 Rd4 16. Rxd4 exd4 17. Nd5 Nxe4 18. Rf1 Nc5 19. b4 Ne6 20. Kd3 a5 21. b5 Rd8 22.
b6 f6 23. Rb1 Kf7 24. Rb5 Ra8 25. Nc7 Rc8 26. Rxa5 Nxc7 27. Rc5 Ke6 28. Rxc7 Rxc7 29.
bxc7 Kd7 30. Kxd4 Kxc7 31. Kd5 Kd7 32. g4 g6 33. h4 h5 34. gxh5 gxh5 35. Ke4 Ke6 36.
c5 f5+ 37. Kd4 f4 38. Ke4 f3 39. Kxf3 Ke5 40. Ke3 Kd5 41. Kf4 Kxc5 42. Kg5 Kb4 43. Kxh5 Ka3 44. Kg4 b5 45. h5 b4 46. h6 Kxa2 47.
h7 b3 48. h8=Q b2 49. Qa8+ Kb3 50. Qe4 Ka2 51. Qa4+ 1-0

[Event "*** Titled Tuesday Blitz"]
[Site "Chess.com"]
[Date "2020.04.28"]
[Round "3"]
[White "GianmarcoVaR"]
[Black "eljanov"]
[Result "0-1"]
[WhiteElo "2558"]
[BlackElo "2887"]
[TimeControl "180+1"]
[EndTime "10:29:31 PDT"]
[Termination "eljanov won on time"]

1. d4 Nf6 2. c4 e6 3. g3 d5 4. Nf3 Bb4+ 5. Bd2 Be7 6. Bg2 O-O 7. O-O Nbd7 8. Qc2 c6 9. Bf4 a5 10. Nbd2 Nh5 11. cxd5 Nxf4 12. gxf4 exd5 13. e3 Nf6 14. Ne5 g6 15. Bf3 Bf5 16. Qd1 Ne8 17. Qe2 Nd6 18. Bg4 Qc8 19. Rac1 a4 20. Bxf5 Qxf5 21. Qg4 Ra5 22.
Kg2 Rb5 23. Qxf5 Nxf5 24. Rc2 Bb4 25. Ndf3 Be7 26. Rfc1 Ra8 27. Nd3 Nd6 28. Nfe5 f6 29.
Nf3 Kf7 30. Nd2 Rb6 31. Kf3 Ra5 32. Rg1 Nf5 33. Rgc1 Rab5 34. Ke2 Ra6 35. Nb1 Ra8 36. Nc3 Rb6 37. Nd1 Nd6 38. Nc5 Nc4 39. Nd3 Ra5 40.
Nc3 Ra8 41. Nxa4 Rxa4 42. b3 Nxe3 43. fxe3 Ra3 44. Nb2 Rxa2 45. Na4 Rxc2+ 46. Rxc2 Rxb3 47. Nc5 Bxc5 48. dxc5 Ke6 49. Ra2 Kf5 0-1

[Event "*** Titled Tuesday Blitz"]
[Site "Chess.com"]
[Date "2020.04.28"]
[Round "3"]
[White "dukicz123"]
[Black "VqquyenCFT"]
[Result "0-1"]
[WhiteElo "2485"]
[BlackElo "2214"]
[TimeControl "180+1"]
[EndTime "10:29:31 PDT"]
[Termination "VqquyenCFT won by checkmate"]

1. e4 c5 2. Nf3 d6 3. d4 cxd4 4. Nxd4 Nf6 5. Nc3 g6 6. Be3 Bg7 7. f3 O-O 8. Qd2 Nc6 9. Bc4 a6 10. O-O-O Na5 11. Bb3 Qc7 12. h4 Nxb3+ 13. cxb3 h5 14. Kb1 b5 15. Rc1 Qb7 16. g4 hxg4 17.
h5 e5 18. Nde2 gxf3 19. Ng3 Bg4 20. Bh6 b4 21. Nd5 Nxd5 22. Bxg7 Nf4 23. Bxf8 Rxf8 24.
hxg6 fxg6 25. Qxd6 Qb5 26. Rh8+ Kxh8 27. Qxf8+ Kh7 28. Rc7+ Bd7 29. Qf7+ Kh6 30. Qxd7 Qxd7 31. Rxd7 Kg5 32. Rd6 Kh4 33. Nf1 g5 34. Rxa6 g4 35. Nd2 Kg3 36. a3 Nd3 37. axb4 Nxb4 38. Ra4 Nd3 39. b4 Kf2 40. b5 g3 41. Ra3 g2 42.
Rxd3 g1=Q+ 43. Kc2 Ke2 44. Nxf3 Qc5+ 45. Rc3 Qxb5 46. Nd2 Qa4+ 47. Nb3 Qxe4+ 48. Kc1 Qh1+ 49. Kc2 Qd1# 0-1

[Event "*** Titled Tuesday Blitz"]
[Site "Chess.com"]
[Date "2020.04.28"]
[Round "3"]
[White "amiralfio"]
[Black "suneebaker"]
[Result "1-0"]
[WhiteElo "2496"]
[BlackElo "2237"]
[TimeControl "180+1"]
[EndTime "10:29:31 PDT"]
[Termination "amiralfio won on time"]

1. d4 Nf6 2. Bf4 d5 3. e3 e6 4. Nf3 Bd6 5. Bg3 c5 6. Nbd2 Nc6 7. c3 b6 8. Bb5 Bb7 9. Ne5 Rc8 10. Qa4 Bxe5 11.
Bxe5 O-O 12. Bg3 Nh5 13. Nf3 cxd4 14. exd4 Na5 15. Bd3 Nc4 16. Qc2 f5 17. O-O Qe7 18. Rae1 Nd6 19. Bh4 Qd7 20. Ne5 Qe8 21. f3 Nf4 22.
Bg3 Nxd3 23. Qxd3 Qh5 24. h3 Rfe8 25. Qe3 Ba6 26. Rf2 Nc4 27. Nxc4 Bxc4 28. a3 Bb3 29.
Be5 Qf7 30. g4 Rf8 31. gxf5 Qxf5 32. Rg2 Rf7 33. Kh2 Bc4 34. Reg1 g6 35. Qh6 1-0

[Event "*** Titled Tuesday Blitz"]
[Site "Chess.com"]
[Date "2020.04.28"]
[Round "3"]
[White "GMaka"]
[Black "Kaponov"]
[Result "1-0"]
[WhiteElo "2323"]
[BlackElo "2098"]
[TimeControl "180+1"]
[EndTime "10:29:31 PDT"]
[Termination "GMaka won on time"]

1. d4 Nf6 2. Bf4 g6 3. e3 Bg7 4. c4 d6 5. h3 O-O 6. Nc3 Nfd7 7. Nf3 e5 8. Bh2 Nc6 9. d5 Ne7 10. Be2 h6 11. g4 a5 12. Qc2 Nc5 13. O-O-O f5 14.
Nh4 g5 15. Nxf5 Nxf5 16. gxf5 Bxf5 17. e4 Bh7 18. Bh5 Rf4 19. Bxf4 exf4 20. f3 a4 21. a3 Ra6 22. Rh2 Qf6 23. Nb5 Rb6 24. Bg4 Bg6 25. h4 Be8 26. hxg5 hxg5 27. Be6+ Nxe6 28. dxe6 Bxb5 29.
e5 Qxe6 30. cxb5 Rxb5 31. Qxa4 Qxe5 32. Qc4+ Kf8 33. Qe4 Rc5+ 34. Kb1 Qf6 35. Qxb7 Rc4 36. Qc8+ Kf7 37. Qd7+ Kg6 38. Re1 1-0

[Event "*** Titled Tuesday Blitz"]
[Site "Chess.com"]
[Date "2020.04.28"]
[Round "3"]
[White "belisarius64"]
[Black "sergiochess83"]
[Result "1/2-1/2"]
[WhiteElo "2629"]
[BlackElo "2828"]
[TimeControl "180+1"]
[EndTime "10:29:32 PDT"]
[Termination "Game drawn by agreement"]

1. e4 e5 2. Nf3 Nc6 3. Bb5 a6 4. Ba4 Nf6 5. O-O b5 6. Bb3 Bc5 7. c3 d6 8. d4 Bb6 9. Be3 Bg4 10. Nbd2 exd4 11. cxd4 O-O 12. h3 Bh5 13. Rc1 Na5 14. Bc2 c5 15. dxc5 dxc5 16. Bb1 c4 17. Bxb6 Qxb6 18. e5 Nd5 19. Nxc4 Nxc4 20. Qxd5 Rad8 21. Qe4 Qh6 22. Rfe1 Rfe8 23. b3 Bxf3 24. Qxf3 Nxe5 25. Qe4 Re6 26. Red1 Rde8 27. Qb7 Ng6 28. Rc8 Qg5 29. Bxg6 hxg6 30. Rxe8+ Rxe8 31. Qxa6 Re2 32. a4 Qf4 33. Qa7 bxa4 34. bxa4 Ra2 35. a5 Kh7 36. a6 Qf6 37. Qe3 Rxa6 1/2-1/2